 Dungeon Crawl Stone Soup version 0.25.0-9-g26727b657a (webtiles) character file.

Game seed: 4922488546533005270

6393 nikku the Thaumaturge (level 10, 0/54 HPs)
             Began as a Deep Elf Conjurer on June 20, 2020.
             Was an Elder of Dithmenos.
             Slain by a killer bee (9 damage)
             ... on level 10 of the Dungeon.
             The game lasted 00:38:22 (13441 turns).

nikku the Thaumaturge (Deep Elf Conjurer)          Turns: 13441, Time: 00:38:23

Health: 0/54       AC:  5    Str:  6    XL:     10   Next: 66%
Magic:  1/28       EV: 15    Int: 23    God:    Dithmenos [****..]
Gold:   638        SH:  0    Dex: 15    Spells: 22/33 levels left

rFire    . . .     SeeInvis .   j - +2 dagger (vamp)
rCold    . . .     Gourm    .   (no shield)
rNeg     . . .     Faith    .   a - +1 robe
rPois    .         Spirit   .   (no helmet)
rElec    .         Reflect  .   u - +0 cloak
rCorr    .         Harm     .   D - +0 pair of gloves
MR       +....                  (no boots)
Stlth    ++++++....             (no amulet)
HPRegen  0.18/turn              h - ring of stealth
MPRegen  0.21/turn              k - ring of wizardry

@: lethally poisoned (0 -> -7), wreathed by umbra
A: no striking features
a: Shadow Step, Renounce Religion


You were on level 10 of the Dungeon.
You worshipped Dithmenos.
Dithmenos was greatly pleased with you.
You were very hungry.

You visited 1 branch of the dungeon, and saw 10 of its levels.
You also visited: Ossuary.

You collected 638 gold pieces.

Inventory:

Hand Weapons
 j - a +2 vampiric dagger (weapon)
Missiles
 d - 19 poisoned darts
 n - 4 silver javelins (quivered)
 q - 5 javelins
Armour
 a - a +1 robe (worn)
 u - a +0 cloak (worn)
 D - a +0 pair of gloves (worn)
Jewellery
 h - a ring of stealth (left hand)
 k - a ring of wizardry (right hand)
Wands
 r - a wand of acid (6)
 v - a wand of flame (35)
 x - a wand of enslavement (10)
 E - a wand of digging (6)
 F - a wand of paralysis (16)
 G - a wand of polymorph (7)
 I - a wand of iceblast (12)
Scrolls
 f - 6 scrolls of remove curse
 g - a scroll of enchant armour
 l - a scroll of enchant weapon
 m - 5 scrolls of teleportation
 o - 2 scrolls of fear
 y - 2 scrolls of fog
 H - a scroll of brand weapon {unknown}
Potions
 b - 2 potions of invisibility
 e - 3 potions of brilliance
 i - 5 potions of heal wounds
 p - 2 potions of resistance
 s - 2 potions of magic
 t - 2 potions of haste
 w - 2 potions of lignification
 z - a potion of stabbing {unknown}
 A - 2 potions of mutation {unknown}
 B - a potion of ambrosia {unknown}
 C - a potion of curing {unknown}
Miscellaneous
 J - a phial of floods
Comestibles
 c - 9 rations


   Skills:
 + Level 2.7 Fighting
 + Level 4.9 Dodging
 + Level 5.1 Stealth
 + Level 12.0 Spellcasting
 + Level 6.9 Conjurations
 - Level 10.0 Hexes
 - Level 8.3 Translocations


You had 22 spell levels left.
You knew the following spells:

 Your Spells              Type           Power        Failure   Level  Hunger
a - Magic Dart            Conj           ####         1%          1    None
b - Searing Ray           Conj           #####.       1%          2    None
c - Fulminant Prism       Conj/Hex       ######....   1%          4    None
d - Iskenderun's Mystic   Conj/Tloc      #####...     1%          4    None

Your spell library contained the following spells:

 Spells                   Type           Power        Failure   Level  Hunger
 Animate Skeleton         Necr           N/A          1%          1    None
 Apportation              Tloc           ######       1%          1    None
 Corona                   Hex            ######.      1%          1    None
 Infusion                 Chrm           ##..         1%          1    None
 Summon Small Mammal      Summ           ##..         1%          1    None
 Shroud of Golubria       Chrm/Tloc      ####..       1%          2    None
 Dazzling Flash           Conj/Hex       ######       1%          3    None
 Spectral Weapon          Hex/Chrm       #####...     1%          3    None
 Song of Slaying          Chrm           ##......     2%          2    None
 Ozocubu's Armour         Chrm/Ice       ##......     6%          3    None


Dungeon Overview and Level Annotations

Branches:
Dungeon (10/15)            Temple (0/1) D:6            Lair (0/6) D:8
Ossuary (visited)
    Orc: D:9-12

Altars:
Ashenzari
Cheibriados
Dithmenos
Hepliaklqana
Kikubaaqudgha
Nemelex Xobeh
Qazlal
Sif Muna
Trog
Uskayaw
Xom
Yredelemnul

Shops:
D:10 *

Annotations:
D:7 1 transporter, Stil's ghost, novice SpEE
D:8 2 transporters, Gastronok; protoss039's ghost, novice DEAE


Message History

The killer bee is heavily wounded.
The killer bee misses you.
A killer bee comes into view.
The killer bee barely misses you. The killer bee completely misses you.
Without enough magic to sustain it, your searing ray dissipates.
The killer bee misses you. The killer bee closely misses you.
The killer bee stings you!
* * * LOW HITPOINT WARNING * * *
You are poisoned.
The killer bee poisons you!
The killer bee rages.
You feel sick. The killer bee misses you. The killer bee barely misses you.
The killer bee rages. x2
The killer bee barely misses you. The killer bee closely misses you.
You feel sick. The killer bee misses you. The killer bee completely misses you.
The killer bee stings you.
* * * LOW HITPOINT WARNING * * *
You are more poisoned.
The killer bee poisons you! The killer bee stings you!
You die...

##.. #.# .y. #.# .y# #.#
#†# #.# #†# #.#
######y##############.#
.......................#
........yy.............#
.........y@...)........##
######.##############...#
#. ###'#.# ##+## #.'∩'.#
#≈≈≈##########.#'###
+≈≈≈+.............#
#≈≈≈#.#############
#'##.# #....#


You could see 4 killer bees.

Vanquished Creatures
  A two-headed ogre (D:9)
  A queen bee (D:10)
  Prince Ribbit (D:7)
  Sigmund (D:5)
  3 yaks (D:9)
  A wyvern (D:9)
  A hungry ghost (D:8)
  A black bear (D:7)
  2 sky beasts
  2 orc warriors
  A phantom (D:10)
  8 ogres
  2 centaurs
  A crocodile (D:9)
  A big kobold (D:8)
  8 bullfrogs
  A water moccasin zombie (D:8)
  3 scorpions
  A water moccasin skeleton (D:10)
  20 killer bees
  A howler monkey (D:5)
  3 crimson imps
  A bullfrog zombie (D:7)
  3 jellies
  4 orc priests
  A bullfrog skeleton (D:4)
  7 hounds
  8 orc wizards
  Crazy Yiuf (D:5)
  An iguana (D:4)
  6 worker ants
  Natasha (twice) (D:2)
  A hound skeleton (D:4)
  3 mummies (Ossuary)
  4 gnolls (D:7)
  10 adders
  2 shadow imps
  4 oozes
  3 adder skeletons
  2 worms (D:2)
  3 dart slugs
  3 leopard geckos
  23 orcs
  6 bats
  3 giant cockroaches
  A gnoll zombie (Ossuary)
  7 goblins
  7 hobgoblins
  12 jackals
  13 kobolds
  10 quokkas
  5 frilled lizards
  2 goblin zombies (Ossuary)
  4 hobgoblin zombies (Ossuary)
  A jackal zombie (D:6)
  4 kobold zombies (Ossuary)
  A leopard gecko skeleton (D:4)
  A quokka skeleton (D:5)
  5 quokka zombies (Ossuary)
  8 rats
  2 rat zombies (Ossuary)
248 creatures vanquished.

Vanquished Creatures (others)
  An ogre (D:4)
  2 hounds (D:4)
  A worker ant (D:4)
  A leopard gecko (D:4)
  A frilled lizard (D:4)
  16 fulminant prisms
22 creatures vanquished.

Grand Total: 270 creatures vanquished

Notes
Turn   | Place    | Note
-------+----------+-------------------------------------------
     0 | D:1      | nikku the Deep Elf Conjurer began the quest for the Orb.
     0 | D:1      | Reached XP level 1. HP: 10/10 MP: 6/6
   217 | D:1      | Reached XP level 2. HP: 15/15 MP: 5/8
   760 | D:1      | Learned a level 2 spell: Searing Ray
   946 | D:1      | Reached skill level 4 in Spellcasting
  1036 | D:1      | Reached XP level 3. HP: 19/19 MP: 7/10
  1084 | D:1      | Reached skill level 5 in Conjurations
  1521 | D:2      | Noticed Natasha
  1806 | D:2      | Killed Natasha
  1806 | D:2      | Reached XP level 4. HP: 24/24 MP: 7/12
  1925 | D:2      | Found a basalt altar of Yredelemnul.
  1931 | D:2      | Reached skill level 5 in Spellcasting
  2059 | D:2      | Found a sparkling altar of Nemelex Xobeh.
  2059 | D:2      | Found a shattered altar of Ashenzari.
  2059 | D:2      | Found a shimmering blue altar of Sif Muna.
  2069 | D:2      | Found a snail-covered altar of Cheibriados.
  2069 | D:2      | Found a shadowy altar of Dithmenos.
  2077 | D:2      | Became a worshipper of Dithmenos the Shadowed
  2108 | D:2      | Learned a level 4 spell: Fulminant Prism
  2113 | D:2      | Learned a level 4 spell: Iskenderun's Mystic Blast
  2332 | D:2      | Noticed Natasha
  2340 | D:2      | Killed Natasha
  2340 | D:2      | Reached skill level 1 in Hexes
  2340 | D:2      | Reached XP level 5. HP: 28/28 MP: 9/14
  2382 | D:2      | Reached skill level 1 in Translocations
  2598 | D:2      | Found a hazy altar of Hepliaklqana.
  2784 | D:2      | Found a stormy altar of Qazlal.
  3083 | D:3      | Reached * piety under Dithmenos
  3822 | D:4      | Found a shadowy altar of Dithmenos.
  3833 | D:4      | Killed an ogre
  4051 | D:4      | Reached XP level 6. HP: 23/32 MP: 12/16
  4053 | D:4      | Reached skill level 6 in Spellcasting
  4624 | D:4      | Found a shimmering altar of Xom.
  4714 | D:4      | Reached XP level 7. HP: 36/36 MP: 15/19
  5050 | D:4      | Found a hide-covered altar of Uskayaw.
  5066 | D:4      | Reached skill level 7 in Spellcasting
  5276 | D:5      | Entered Level 5 of the Dungeon
  5423 | D:5      | Reached skill level 5 in Hexes
  5960 | D:5      | Reached skill level 8 in Spellcasting
  5960 | D:5      | Reached XP level 8. HP: 41/41 MP: 17/22
  6034 | D:5      | Noticed Sigmund
  6068 | D:5      | Killed Sigmund
  6068 | D:5      | Reached ** piety under Dithmenos
  6068 | D:5      | Reached skill level 5 in Translocations
  6313 | D:4      | Found an ancient bone altar of Kikubaaqudgha.
  6712 | D:5      | Found a runed translucent door.
  6713 | D:5      | Noticed Crazy Yiuf
  6764 | D:5      | Killed Crazy Yiuf
  7079 | D:6      | Reached skill level 9 in Spellcasting
  7258 | D:6      | Found a staircase to the Ecumenical Temple.
  7933 | D:7      | Reached XP level 9. HP: 24/45 MP: 1/24
  8316 | D:7      | Found a sand-covered staircase.
  8324 | Ossuary  | Entered an ossuary
  8386 | Ossuary  | Reached *** piety under Dithmenos
  8882 | D:7      | Reached skill level 10 in Spellcasting
  9201 | D:7      | Noticed Prince Ribbit
  9211 | D:7      | Killed Prince Ribbit
  9393 | D:7      | Noticed Stil's ghost (novice SpEE)
  9394 | D:7      | Found a transporter.
  9396 | D:7      | Identified the +4 dire flail of Exhibitionism {vorpal,
                  | Int+4}
  9396 | D:7      | Identified the +8 great mace of Pijaf {vorpal, *Corrode
                  | Fragile +Inv Str+8}
  9396 | D:7      | Noticed a two-headed ogre
 10045 | D:8      | Reached skill level 11 in Spellcasting
 10052 | D:8      | Reached **** piety under Dithmenos
 10070 | D:8      | Got a bloodstained trident
 10071 | D:8      | Identified the +7 trident of Nakav {antimagic, Fragile
                  | rElec rF+} (You found it on level 8 of the Dungeon)
 10105 | D:8      | Noticed Gastronok
 10472 | D:8      | Found a transporter.
 10473 | D:8      | Noticed a moth of wrath
 10473 | D:8      | Noticed a troll
 10477 | D:8      | Noticed protoss039's ghost (novice DEAE)
 10638 | D:8      | Found a staircase to the Lair.
 10772 | D:8      | Found a transporter.
 11037 | D:8      | Found a bloodstained altar of Trog.
 11039 | D:8      | Identified the cursed +1 short sword of the Madman {flame,
                  | +Fly Str-2 SInv}
 11441 | D:9      | Reached skill level 10 in Hexes
 11889 | D:9      | Reached XP level 10. HP: 51/51 MP: 22/27
 11926 | D:9      | Reached skill level 1 in Fighting
 12037 | D:9      | Found an ancient bone altar of Kikubaaqudgha.
 12162 | D:9      | Noticed a two-headed ogre
 12168 | D:9      | Killed a two-headed ogre
 12784 | D:10     | Entered Level 10 of the Dungeon
 13347 | D:10     | Found Feagg's Assorted Antiques.
 13433 | D:10     | Reached skill level 5 in Stealth
 13435 | D:10     | Reached skill level 12 in Spellcasting
 13441 | D:10     | Slain by a killer bee

Illustrated notes

Levels and vault maps discovered:
D:1:      tarquinn_simple_flora_water_f, layout_basic
D:2:      minmay_alternating_diamond, layout_loops_ring, lemuel_crystal_altar,
          nicolae_overflow_hidden_temple, minmay_overflow_temple_hex,
          uniq_natasha
D:3:      layout_loops_ring, minmay_stone_trees_small
D:4:      lemuel_upstairs_altar, layout_loops_cross, xom_confusion_cloud,
          kennysheep_mini, first_ration, serial_rivers,
          chequers_serial_rivers_large_a, chequers_serial_rivers_room_b,
          chequers_serial_rivers_micro_c, chequers_serial_rivers_small_b,
          roderic_serpentine_path, grunt_dithmenos_smoke_and_mirrors
D:5:      layout_basic, uniq_sigmund, uniq_crazy_yiuf_cottage
D:6:      layout_cave_pools, minmay_temple_entry_arrows,
          kennysheep_generic_room_8
D:7:      layout_rooms, gammafunk_ghost_smash, nicolae_ossuary_entry_plus,
          uniq_prince_ribbit1
D:8:      layout_layer_cave, lair_entry_dummy,
          gammafunk_ghost_wrathful_warriors, uniq_gastronok
D:9:      layout_roguey, kennysheep_mini_moat
D:10:     layout_long_grid, serial_shops, nicolae_shop_behind_doors,
          david_nohive_1, chequers_decorated_corner, minmay_liquid_box

Skill      XL: |  1  2  3  4  5  6  7  8  9 10 |
---------------+-------------------------------+-----
Spellcasting   | 4 5 6 8 9 11 12 | 12.0
Conjurations   | 5 6 |  6.9
Hexes          | 1 2 4 6 8 10 | 10.0
Translocations | 2 3 4 6 8 |  8.3
Dodging        | 4 |  4.9
Stealth        | 5 |  5.1
Fighting       | 2 |  2.7

Action                   |  1- 3 |  4- 6 |  7- 9 | 10-12 || total
-------------------------+-------+-------+-------+-------++-------
Melee: Dagger            |       |       |    15 |       ||    15
       Quarterstaff      |       |       |     1 |       ||     1
 Cast: Magic Dart        |    70 |   101 |   268 |    40 ||   479
       Searing Ray       |     3 |    14 |    41 |    16 ||    74
       Iskenderun's Myst |       |       |    10 |    11 ||    21
       Fulminant Prism   |       |       |    10 |     6 ||    16
  Use: Scroll            |     4 |     5 |    10 |     2 ||    21
  Eat: Chunk             |     2 |     9 |    12 |     4 ||    27
       Ration            |       |       |     3 |       ||     3
Armor: Robe              |     3 |     4 |    15 |     5 ||    27
Dodge: Dodged            |    10 |     8 |    55 |    59 ||   132
